TOP OF THE 1ST |
New Jersey Devils batting - Pitching for Columbus Reds : RHP Bayani Blanco
|
Pitching: RHP Bayani Blanco
|
|
Batting: SHB Tyler Maddux
|
0-0: Ball 1-0: Called Strike 1-1: Ball 2-1: Foul Ball, location: 2F 2-2: Foul Ball, location: 2F 2-2: Ground out 4-3 (Groundball, 13, EV 92.5 MPH)
|
Batting: LHB Randolph Brodbeck
|
0-0: Called Strike 0-1: Foul Ball, location: 2F 0-2: Strikes out swinging
|
Batting: RHB Bill Crogan
|
0-0: Ball 1-0: Ball 2-0: Foul Ball, location: 2F 2-1: Ball 3-1: Swinging Strike 3-2: Ground out 6-3 (Groundball, 6S, EV 65.6 MPH)
|
Top of the 1st over - 0 runs, 0 hits, 0 errors, 0 left on base; New Jersey 0 - Columbus 0 |
BOTTOM OF THE 1ST |
Columbus Reds batting - Pitching for New Jersey Devils : RHP Mark Paddock
|
Pitching: RHP Mark Paddock
|
|
Batting: RHB Juan Zamora
|
0-0: Ground out 5-3 (Groundball, 5, EV 107.5 MPH)
|
Batting: LHB Jamie Spangenberg
|
0-0: Ball 1-0: Foul Ball, location: 2F 1-1: Swinging Strike 1-2: Ball 2-2: Ball 3-2: Foul Ball, location: 2F 3-2: Strikes out swinging
|
Batting: RHB Jonathan Davis
|
0-0: Called Strike 0-1: Ground out 5-3 (Groundball, 56S, EV 70.0 MPH)
|
Bottom of the 1st over - 0 runs, 0 hits, 0 errors, 0 left on base; New Jersey 0 - Columbus 0 |
TOP OF THE 2ND |
New Jersey Devils batting - Pitching for Columbus Reds : RHP Bayani Blanco
|
Batting: RHB Warren Carmichael
|
0-0: Ball 1-0: DOUBLE (Flyball, 78XD, EV 100.6 MPH)
|
Batting: RHB Eric Zylstra
|
0-0: Ball 1-0: Ball 2-0: SINGLE (Line Drive, 56D, EV 95.0 MPH) Warren Carmichael to third Throwing error, E7 Warren Carmichael scores Eric Zylstra to second
|
Batting: LHB Lupe Garcia
|
0-0: Ball 1-0: Ball 2-0: Swinging Strike 2-1: Ball 3-1: Called Strike 3-2: Base on Balls
|
Batting: RHB Craig Alvarado
|
0-0: Fly out, F8 (Flyball, 89D, EV 98.1 MPH) Runner from 2nd tags up, SAFE at 3rd, no throw by CF
|
Batting: SHB Ernesto Mazas
|
0-0: Ball 1-0: Ball 2-0: Fielders Choice at 2nd, 1-6 (Groundball, 13S, EV 68.1 MPH)
|
Batting: RHB Oscar Ramirez
|
0-0: Fielders Choice at 2nd, 5-4 (Groundball, 56, EV 83.1 MPH)
|
Top of the 2nd over - 1 run, 2 hits, 1 error, 2 left on base; New Jersey 1 - Columbus 0 |
BOTTOM OF THE 2ND |
Columbus Reds batting - Pitching for New Jersey Devils : RHP Mark Paddock
|
Batting: RHB Mark Williams
|
0-0: Foul Ball, location: 2F 0-1: Ball 1-1: SINGLE (Line Drive, 5L, EV 94.4 MPH)
|
Batting: RHB Alex Juarez
|
0-0: Fielders Choice at 2nd, 5-4 (Groundball, 5S, EV 80.6 MPH)
|
Batting: SHB Cesar Pelayo
|
0-0: Ball 1-0: Called Strike 1-1: Ball 2-1: Foul Ball, location: 2F 2-2: Ball 3-2: SINGLE (Groundball, 56D, EV 98.8 MPH) Alex Juarez to second Alex Juarez to third
|
Batting: RHB Gabriel Arias
|
0-0: Foul Ball, location: 2F 0-1: Foul Ball, location: 2F 0-2: Reached on error, E4 (Groundball, 4D, EV 108.1 MPH) Alex Juarez scores Cesar Pelayo to second
|
Batting: LHB Mike Becerra
|
0-0: Foul Ball, location: 2F 0-1: Fly out, F8 (Flyball, 78D, EV 105.6 MPH)
|
Batting: RHB Cornholdo Schwerin
|
0-0: Swinging Strike 0-1: Ball 1-1: Swinging Strike 1-2: Foul Ball, location: 2F 1-2: Foul Ball, location: 2F 1-2: Ball 2-2: Fly out, F6 (Popup, 6M, EV 56.9 MPH)
|
Bottom of the 2nd over - 1 run, 2 hits, 1 error, 2 left on base; New Jersey 1 - Columbus 1 |
TOP OF THE 3RD |
New Jersey Devils batting - Pitching for Columbus Reds : RHP Bayani Blanco
|
Batting: SHB Tyler Maddux
|
0-0: Called Strike 0-1: Ball 1-1: Swinging Strike 1-2: Ball 2-2: Foul Ball, location: 2F 2-2: Foul Ball, location: 2F 2-2: Strikes out looking
|
Batting: LHB Randolph Brodbeck
|
0-0: Foul Ball, location: 2F 0-1: Foul Ball, location: 2F 0-2: Ball 1-2: Ball 2-2: Ball 3-2: Strikes out swinging
|
Batting: RHB Bill Crogan
|
0-0: Foul Ball, location: 2F 0-1: Foul Ball, location: 2F 0-2: Foul Ball, location: 2F 0-2: Ball 1-2: Foul Ball, location: 2F 1-2: Ball 2-2: Strikes out swinging
|
Top of the 3rd over - 0 runs, 0 hits, 0 errors, 0 left on base; New Jersey 1 - Columbus 1 |
BOTTOM OF THE 3RD |
Columbus Reds batting - Pitching for New Jersey Devils : RHP Mark Paddock
|
Batting: RHB Juan Zamora
|
0-0: Ball 1-0: SINGLE (Line Drive, 3D, EV 96.9 MPH)
|
Batting: LHB Jamie Spangenberg
|
0-0: Called Strike 0-1: Foul Ball, location: 2F 0-2: Grounds into double play, 4-6-3 (Groundball, 4, EV 82.5 MPH)
|
Batting: RHB Jonathan Davis
|
0-0: Ball 1-0: Called Strike 1-1: Ball 2-1: Ball 3-1: Base on Balls
|
Batting: RHB Mark Williams
|
0-0: Ball 1-0: Ball 2-0: Ball 3-0: Swinging Strike 3-1: Base on Balls Jonathan Davis to second
|
Batting: RHB Alex Juarez
|
0-0: Ball 1-0: Called Strike 1-1: Foul Ball, location: 2F 1-2: Strikes out swinging
|
Bottom of the 3rd over - 0 runs, 1 hit, 0 errors, 2 left on base; New Jersey 1 - Columbus 1 |
TOP OF THE 4TH |
New Jersey Devils batting - Pitching for Columbus Reds : RHP Bayani Blanco
|
Batting: RHB Warren Carmichael
|
0-0: Ball 1-0: Ball 2-0: Ball 3-0: Base on Balls
|
Batting: RHB Eric Zylstra
|
0-0: Ball 1-0: Grounds into double play, 6-4-3 (Groundball, 6, EV 102.5 MPH)
|
Batting: LHB Lupe Garcia
|
0-0: Called Strike 0-1: Foul Ball, location: 2F 0-2: SINGLE (Groundball, 6, EV 106.2 MPH)
|
Batting: RHB Craig Alvarado
|
0-0: Fly out, F3 (Popup, 3SF, EV 70.0 MPH)
|
Top of the 4th over - 0 runs, 1 hit, 0 errors, 1 left on base; New Jersey 1 - Columbus 1 |
BOTTOM OF THE 4TH |
Columbus Reds batting - Pitching for New Jersey Devils : RHP Mark Paddock
|
Batting: SHB Cesar Pelayo
|
0-0: Called Strike 0-1: Ball 1-1: Swinging Strike 1-2: Strikes out swinging
|
Batting: RHB Gabriel Arias
|
0-0: Foul Ball, location: 2F 0-1: Ball 1-1: Ball 2-1: SINGLE (Flyball, 7LS, EV 93.8 MPH)
|
Batting: LHB Mike Becerra
|
0-0: Ball 1-0: Ball 2-0: Foul Ball, location: 2F 2-1: Foul Ball, location: 2F 2-2: Grounds into double play, 4-6-3 (Groundball, 4, EV 85.6 MPH)
|
Bottom of the 4th over - 0 runs, 1 hit, 0 errors, 0 left on base; New Jersey 1 - Columbus 1 |
TOP OF THE 5TH |
New Jersey Devils batting - Pitching for Columbus Reds : RHP Bayani Blanco
|
Batting: SHB Ernesto Mazas
|
0-0: Ground out 1-3 (Groundball, 13S, EV 67.5 MPH)
|
Batting: RHB Oscar Ramirez
|
0-0: Called Strike 0-1: Ball 1-1: Ball 2-1: Foul Ball, location: 2F 2-2: Ground out 4-3 (Groundball, 4, EV 97.5 MPH)
|
Batting: SHB Tyler Maddux
|
0-0: SINGLE (Groundball, 6MS, EV 64.4 MPH) (infield hit)
|
Batting: LHB Randolph Brodbeck
|
0-0: Ball 1-0: Foul Ball, location: 2F 1-1: Ball 2-1: Fly out, F2 (Popup, 13S, EV 81.9 MPH)
|
Top of the 5th over - 0 runs, 1 hit, 0 errors, 1 left on base; New Jersey 1 - Columbus 1 |
BOTTOM OF THE 5TH |
Columbus Reds batting - Pitching for New Jersey Devils : RHP Mark Paddock
|
Batting: RHB Cornholdo Schwerin
|
0-0: Foul Ball, location: 2F 0-1: Ball 1-1: Ball 2-1: Called Strike 2-2: Foul Ball, location: 2F 2-2: Ground out 5-3 (Groundball, 5, EV 104.4 MPH)
|
Batting: RHB Juan Zamora
|
0-0: Ball 1-0: Ball 2-0: Foul Ball, location: 2F 2-1: Swinging Strike 2-2: Foul Ball, location: 2F 2-2: Ball 3-2: Foul Ball, location: 2F 3-2: Foul Ball, location: 2F 3-2: Fly out, F9 (Flyball, 9D, EV 85.6 MPH)
|
Batting: LHB Jamie Spangenberg
|
0-0: Fly out, F8 (Flyball, 8LXD, EV 95.0 MPH)
|
Bottom of the 5th over - 0 runs, 0 hits, 0 errors, 0 left on base; New Jersey 1 - Columbus 1 |
TOP OF THE 6TH |
New Jersey Devils batting - Pitching for Columbus Reds : RHP Bayani Blanco
|
Batting: RHB Bill Crogan
|
0-0: Foul Ball, location: 2F 0-1: Foul Ball, location: 2F 0-2: Ball 1-2: SINGLE (Flyball, 4D, EV 87.5 MPH)
|
Batting: RHB Warren Carmichael
|
0-0: Foul Ball, location: 2F 0-1: Fly out, F8 (Flyball, 8LD, EV 100.0 MPH)
|
Batting: RHB Eric Zylstra
|
0-0: Ball 1-0: Foul Ball, location: 2F 1-1: Swinging Strike 1-2: Foul Ball, location: 2F 1-2: Ball 2-2: Strikes out swinging
|
Batting: LHB Lupe Garcia
|
0-0: Ball 1-0: Foul Ball, location: 2F 1-1: Ball 2-1: Foul Ball, location: 2F 2-2: Ball 3-2: Strikes out swinging
|
Top of the 6th over - 0 runs, 1 hit, 0 errors, 1 left on base; New Jersey 1 - Columbus 1 |
BOTTOM OF THE 6TH |
Columbus Reds batting - Pitching for New Jersey Devils : RHP Mark Paddock
|
Batting: RHB Jonathan Davis
|
0-0: Ball 1-0: Ball 2-0: Called Strike 2-1: Ball 3-1: Base on Balls
|
Batting: RHB Mark Williams
|
0-0: Ball 1-0: Foul Ball, location: 2F 1-1: Called Strike 1-2: Ball 2-2: SINGLE (Groundball, 25, EV 65.6 MPH) (infield hit) Jonathan Davis to second
|
Pitching: RHP Justin Vallis
|
|
Batting: RHB Alex Juarez
|
0-0: Swinging Strike 0-1: Ball 1-1: Ball 2-1: Ball 3-1: Foul Ball, location: 2F 3-2: Base on Balls Jonathan Davis to third Mark Williams to second
|
Pinch Hitting: RHB Randy Grewe
|
0-0: Ball 1-0: Foul Ball, location: 2F 1-1: Foul Ball, location: 2F 1-2: Foul Ball, location: 2F 1-2: Ball 2-2: Ball 3-2: Grounds into double play, 5-2-3 (Groundball, 56S, EV 88.8 MPH) Mark Williams to third Alex Juarez to second
|
Batting: RHB Gabriel Arias
|
0-0: Called Strike 0-1: Foul Ball, location: 2F 0-2: Ball 1-2: Strikes out swinging
|
Bottom of the 6th over - 0 runs, 1 hit, 0 errors, 2 left on base; New Jersey 1 - Columbus 1 |
TOP OF THE 7TH |
New Jersey Devils batting - Pitching for Columbus Reds : RHP Bayani Blanco
|
Pitching: RHP Hugo Pirir
|
|
Now at 1B: Mark Williams
|
|
Now at 2B: Randy Grewe
|
|
Pinch Hitting: SHB Alex Cavazos
|
0-0: Ground out 6-3 (Groundball, 6, EV 103.1 MPH)
|
Batting: SHB Ernesto Mazas
|
0-0: Called Strike 0-1: Foul Ball, location: 2F 0-2: Ball 1-2: Strikes out swinging
|
Batting: RHB Oscar Ramirez
|
0-0: Swinging Strike 0-1: Swinging Strike 0-2: Ball 1-2: Strikes out looking
|
Top of the 7th over - 0 runs, 0 hits, 0 errors, 0 left on base; New Jersey 1 - Columbus 1 |
BOTTOM OF THE 7TH |
Columbus Reds batting - Pitching for New Jersey Devils : RHP Justin Vallis
|
Now at 2B: Oscar Ramirez
|
|
Now at SS: Chris Graham
|
|
Batting: LHB Mike Becerra
|
0-0: Ball 1-0: Called Strike 1-1: Ball 2-1: Foul Ball, location: 2F 2-2: Ground out 4-3 (Groundball, 4S, EV 76.9 MPH)
|
Pinch Hitting: LHB Fernando Gomez
|
0-0: Hit by Pitch
|
Batting: RHB Juan Zamora
|
0-0: Ball Fernando Gomez steals 2nd base (no throw) 1-0: Foul Ball, location: 2F 1-1: Ball 2-1: Ground out 6-3 (Groundball, 6, EV 84.4 MPH) Fernando Gomez to third
|
Batting: LHB Jamie Spangenberg
|
0-0: Called Strike 0-1: Ball 1-1: Foul Ball, location: 2F 1-2: Ball 2-2: Ball 3-2: Base on Balls
|
Pinch Hitting: LHB Matthew Berry
|
0-0: Called Strike 0-1: Called Strike 0-2: Ball 1-2: Ball 2-2: Foul Ball, location: 2F 2-2: Ball 3-2: Fly out, F7 (Line Drive, 7, EV 90.6 MPH)
|
Bottom of the 7th over - 0 runs, 0 hits, 0 errors, 2 left on base; New Jersey 1 - Columbus 1 |
TOP OF THE 8TH |
New Jersey Devils batting - Pitching for Columbus Reds : RHP Hugo Pirir
|
Now at 3B: Fernando Gomez
|
|
Now in CF: Tim Kirk
|
|
Batting: SHB Tyler Maddux
|
0-0: Ball 1-0: Called Strike 1-1: Ball 2-1: Foul Ball, location: 2F 2-2: SINGLE (Groundball, 34, EV 104.4 MPH)
|
Batting: LHB Randolph Brodbeck
|
|
Pinch Hitting: RHB John Carpenter
|
0-0: Ball 1-0: SINGLE (Groundball, 56D, EV 101.9 MPH) Tyler Maddux to second Runner from 2nd tries for 3rd, SAFE, throw by LF made to third
|
Batting: RHB Bill Crogan
|
0-0: Called Strike 0-1: Called Strike 0-2: Ball 1-2: Strikes out looking
|
Batting: RHB Warren Carmichael
|
0-0: Called Strike 0-1: Swinging Strike 0-2: Strikes out swinging
|
Batting: RHB Chris Artz
|
0-0: Foul Ball, location: 2F 0-1: Foul Ball, location: 2F 0-2: Ball 1-2: Ball 2-2: Ball 3-2: Base on Balls John Carpenter to second
|
Pitching: RHP Guang Jue
|
|
Pinch Hitting: RHB Jim Freels
|
0-0: Called Strike 0-1: Called Strike 0-2: Ball 1-2: Foul Ball, location: 2F 1-2: Foul Ball, location: 2F 1-2: Ball 2-2: Foul Ball, location: 2F 2-2: Ball 3-2: Ground out 5-3 (Groundball, 25, EV 78.8 MPH)
|
Top of the 8th over - 0 runs, 2 hits, 0 errors, 3 left on base; New Jersey 1 - Columbus 1 |
BOTTOM OF THE 8TH |
Columbus Reds batting - Pitching for New Jersey Devils : RHP Justin Vallis
|
Now at C: Greg Oxford
|
|
Now in CF: Sergio Andrada
|
|
Batting: RHB Mark Williams
|
0-0: Called Strike 0-1: Ball 1-1: Ball 2-1: Fly out, F7 (Line Drive, 7S, EV 90.0 MPH)
|
Batting: RHB Alex Juarez
|
0-0: Foul Ball, location: 2F 0-1: Swinging Strike 0-2: Ball 1-2: Ground out 4-3 (Groundball, 4MD, EV 104.4 MPH)
|
Batting: RHB Randy Grewe
|
0-0: Ball 1-0: Called Strike 1-1: Swinging Strike 1-2: Foul Ball, location: 2F 1-2: Foul Ball, location: 2F 1-2: Ball 2-2: Ball 3-2: Foul Ball, location: 2F 3-2: Fly out, F9 (Flyball, 89M, EV 88.1 MPH)
|
Bottom of the 8th over - 0 runs, 0 hits, 0 errors, 0 left on base; New Jersey 1 - Columbus 1 |
TOP OF THE 9TH |
New Jersey Devils batting - Pitching for Columbus Reds : RHP Guang Jue
|
Batting: RHB Chris Graham
|
0-0: Ball 1-0: Ball 2-0: Ball 3-0: Base on Balls
|
Pinch Hitting: RHB Brian Bonin
|
0-0: Bunt missed! 0-1: Sac Bunt to 2L - play at first, batter OUT! 2-3 Chris Graham to second
|
Batting: RHB Oscar Ramirez
|
0-0: Called Strike 0-1: Ground out 6-3 (Groundball, 6, EV 84.4 MPH) Chris Graham to third
|
Batting: SHB Tyler Maddux
|
0-0: Intentional Walk
|
Batting: RHB Sergio Andrada
|
0-0: Ball 1-0: Called Strike Tyler Maddux steals 2nd base (no throw) 1-1: Foul Ball, location: 2F 1-2: Strikes out swinging
|
Top of the 9th over - 0 runs, 0 hits, 0 errors, 2 left on base; New Jersey 1 - Columbus 1 |
BOTTOM OF THE 9TH |
Columbus Reds batting - Pitching for New Jersey Devils : RHP Justin Vallis
|
Pitching: RHP Antonio Reyes
|
|
Now in LF: Isaiah Heath
|
|
Batting: RHB Gabriel Arias
|
0-0: Ball 1-0: SINGLE (Groundball, 56D, EV 106.9 MPH)
|
Pinch Hitting: RHB Alex Villagomez
|
0-0: Called Strike 0-1: Ball 1-1: Ball 2-1: Ball 3-1: Grounds into double play, 5-4-3 (Groundball, 56, EV 105.0 MPH)
|
Batting: LHB Fernando Gomez
|
0-0: Ball 1-0: Ball 2-0: Ball 3-0: Base on Balls
|
Batting: RHB Juan Zamora
|
0-0: Ball 1-0: Called Strike Fernando Gomez is caught stealing 2nd base 2-4
|
Bottom of the 9th over - 0 runs, 1 hit, 0 errors, 0 left on base; New Jersey 1 - Columbus 1 |
TOP OF THE 10TH |
New Jersey Devils batting - Pitching for Columbus Reds : RHP Guang Jue
|
Pitching: RHP Victor Uriegas
|
|
Now in LF: Tim Kirk
|
|
Now in CF: Ben Burkholder
|
|
Now in RF: Jamie Spangenberg
|
|
Batting: RHB Bill Crogan
|
0-0: Foul Ball, location: 2F 0-1: Ball 1-1: Ball 2-1: Ball 3-1: Swinging Strike 3-2: Base on Balls
|
Batting: RHB Warren Carmichael
|
0-0: Ball 1-0: Called Strike 1-1: Foul Ball, location: 2F 1-2: Ball 2-2: Foul Ball, location: 2F 2-2: Strikes out swinging
|
Batting: RHB Chris Artz
|
0-0: Ball 1-0: Ball 2-0: Foul Ball, location: 2F 2-1: SINGLE (Groundball, 56D, EV 95.6 MPH) Bill Crogan to second
|
Batting: RHB Greg Oxford
|
0-0: Called Strike 0-1: Foul Ball, location: 2F 0-2: Strikes out swinging
|
Batting: RHB Chris Graham
|
0-0: Ball 1-0: Called Strike 1-1: Fly out, F7 (Flyball, 78M, EV 92.5 MPH)
|
Top of the 10th over - 0 runs, 1 hit, 0 errors, 2 left on base; New Jersey 1 - Columbus 1 |
BOTTOM OF THE 10TH |
Columbus Reds batting - Pitching for New Jersey Devils : RHP Antonio Reyes
|
Pitching: LHP Tony Diaz
|
|
Batting: RHB Juan Zamora
|
0-0: Ball 1-0: Foul Ball, location: 2F 1-1: Ball 2-1: Foul Ball, location: 2F 2-2: Ground out 4-3 (Groundball, 13, EV 85.6 MPH)
|
Pinch Hitting: RHB Aaron Barraza
|
0-0: Ball 1-0: Called Strike 1-1: SINGLE (Line Drive, 34D, EV 94.4 MPH)
|
Pinch Hitting: RHB Ernie Maldonado
|
0-0: Foul Ball, location: 2F 0-1: Ball 1-1: Swinging Strike 1-2: Ball 2-2: Fly out, F8 (Flyball, 8RM, EV 95.0 MPH)
|
Batting: RHB Mark Williams
|
0-0: Swinging Strike 0-1: Foul Ball, location: 2F 0-2: Ball 1-2: Foul Ball, location: 2F 1-2: Ball 2-2: Ground out 4-3 (Groundball, 4, EV 86.9 MPH)
|
Bottom of the 10th over - 0 runs, 1 hit, 0 errors, 1 left on base; New Jersey 1 - Columbus 1 |
TOP OF THE 11TH |
New Jersey Devils batting - Pitching for Columbus Reds : RHP Victor Uriegas
|
Pitching: RHP Amador Sadaba
|
|
Now in LF: Ed Santibanez
|
|
Now in CF: Jose Cruz
|
|
Now in RF: Ben Burkholder
|
|
Batting: RHB Isaiah Heath
|
0-0: Swinging Strike 0-1: Foul Ball, location: 2F 0-2: SOLO HOME RUN (Flyball, 7LD, EV 91.2 MPH), Distance : 344 ft
|
Batting: RHB Oscar Ramirez
|
0-0: Swinging Strike 0-1: Ball 1-1: Fly out, F9 (Flyball, 9D, EV 80.0 MPH)
|
Batting: SHB Tyler Maddux
|
0-0: Ball 1-0: Called Strike 1-1: Swinging Strike 1-2: Foul Ball, location: 2F 1-2: Foul Ball, location: 2F 1-2: Strikes out swinging
|
Batting: RHB Sergio Andrada
|
0-0: Fly out, F8 (Line Drive, 8LM, EV 85.6 MPH)
|
Top of the 11th over - 1 run, 1 hit, 0 errors, 0 left on base; New Jersey 2 - Columbus 1 |
BOTTOM OF THE 11TH |
Columbus Reds batting - Pitching for New Jersey Devils : LHP Tony Diaz
|
Batting: RHB Alex Juarez
|
0-0: Ball 1-0: Called Strike 1-1: Called Strike 1-2: Strikes out swinging
|
Batting: RHB Randy Grewe
|
0-0: Called Strike 0-1: Ball 1-1: Foul Ball, location: 2F 1-2: Ball 2-2: Strikes out swinging
|
Batting: RHB Gabriel Arias
|
0-0: Called Strike 0-1: SINGLE (Line Drive, 56D, EV 107.5 MPH)
|
Batting: RHB Ben Burkholder
|
0-0: Foul Ball, location: 2F 0-1: Swinging Strike 0-2: Fielders Choice at 2nd, 6-4 (Groundball, 6, EV 100.6 MPH)
|
Bottom of the 11th over - 0 runs, 1 hit, 0 errors, 1 left on base; New Jersey 2 - Columbus 1 |
|